 Dungeon Crawl Stone Soup version 0.27-a0-887-gcab673c142 (webtiles) character file.

Game seed: 15053979584396943360

186 P0NYSLAYSTATION the Covered (level 5, 0/41 HPs)
             Began as a Demonspawn Fighter on Mar 28, 2021.
             Slain by a yak (5 damage)
             ... on level 4 of the Dungeon on Apr 4, 2021.
             The game lasted 00:11:41 (3337 turns).

P0NYSLAYSTATION the Covered (Demonspawn Fighter)    Turns: 3337, Time: 00:11:41

Health: 0/41       AC:  8    Str: 17    XL:     5   Next: 38%
Magic:  7/7        EV:  8    Int: 10    God:
Gold:   113        SH:  9    Dex: 12    Spells: 7/7 levels left

rFire    . . .     SeeInvis .   a - +0 trident
rCold    . . .     Faith    .   c - +0 kite shield
rNeg     . . .     Spirit   .   j - +0 ring mail
rPois    .         Reflect  .   (no helmet)
rElec    .         Harm     .   t - +0 cloak
rCorr    .         Rampage  .   q - +0 pair of gloves
Will     .....                  (no boots)
Stlth    +.........             (no amulet)
HPRegen  0.13/turn              (no ring)
MPRegen  0.10/turn              (no ring)

@: mighty
A: foul stench 2
a: no special abilities


You were on level 4 of the Dungeon.
You visited 1 branch of the dungeon, and saw 4 of its levels.

You collected 113 gold pieces.

Inventory:

Hand Weapons
 a - a +0 trident (weapon)
Armour
 b - a +0 scale mail
 c - a +0 kite shield (worn)
 j - a +0 ring mail (worn)
 q - a +0 pair of gloves (worn)
 t - a +0 cloak (worn)
Scrolls
 e - a scroll of enchant weapon {unknown}
 h - a scroll of immolation {unknown}
 i - a scroll of teleportation {unknown}
 l - a scroll of noise {unknown}
 m - a scroll of identify {unknown}
 s - a scroll of fog {unknown}
Potions
 f - a potion of heal wounds {unknown}
 g - a potion of berserk rage {unknown}
 k - a potion of haste {unknown}
 n - a potion of resistance {unknown}
 o - 2 potions of ambrosia {unknown}
 p - a potion of curing {unknown}
 r - a potion of brilliance {unknown}


   Skills:
 + Level 3.4 Fighting
 + Level 3.0 Polearms
 + Level 3.6 Armour
 + Level 0.7 Dodging
 + Level 0.2 Stealth
 + Level 3.2 Shields
 * Level 1.6 Spellcasting


You had 7 spell levels left.
You didn't know any spells.
Your spell library contained the following spells:

 Spells                   Type           Power      Damage    Failure   Level
 Animate Skeleton         Necr           0%         N/A       95%         1
 Apportation              Tloc           0%         N/A       95%         1
 Corona                   Hex            0%         N/A       95%         1
 Summon Small Mammal      Summ           0%         N/A       95%         1
 Ensorcelled Hibernation  Hex/Ice        0%         N/A       98%         2
 Confusing Touch          Hex            0%         N/A       100%        3
 Dazzling Flash           Conj/Hex       0%         N/A       100%        3
 Tukima's Dance           Hex            0%         N/A       100%        3


Dungeon Overview and Level Annotations

Branches:
Dungeon (4/15)
 Temple: D:4-7

Altars:
Qazlal

Shops:
D:1 *


Innate Abilities, Weirdness & Mutations

You sometimes emit foul miasma when damaged in melee.


Message History

The yak is heavily wounded.
The yak closely misses you. The yak gores you!
You hit the yak but do no damage.
The yak is heavily wounded.
You block the yak's attack.
You hit the yak.
The yak is heavily wounded.
The yak barely misses you. The yak gores you!
You emit a cloud of foul miasma!
You are too injured to fight recklessly!
You are too injured to fight recklessly!
The yak is engulfed in dark miasma.
The yak is poisoned.
Your shield and ring mail prevent you from hitting the yak.
The yak is heavily wounded.
You block the yak's attack.
You barely miss the yak.
The yak is severely wounded.
The yak gores you but does no damage.
You hit the yak.
The yak is almost dead.
You hear the slow rusting of a distant drain.
The yak barely misses you. x2
The yak looks more healthy.
Your ring mail prevents you from hitting the yak.
The yak is almost dead.
You block the yak's attack. You block the ball python's attack.
The ball python closely misses you.
You closely miss the ball python. You block the ball python's attack.
The ball python closely misses you. The yak gores you!
* * * LOW HITPOINT WARNING * * *
You feel very mighty all of a sudden. The yak completely misses you.
You are too injured to fight recklessly!
You puncture the yak!
The yak is almost dead.
The yak gores you but does no damage.
Your ring mail prevents you from hitting the yak.
The yak is almost dead.
The yak gores you.
You die...

#...#
.##.#.#.####
......)S†).##
.##..##.##..#
#.##...##.#
...#.###.#o##
(...#. .#..#
... #.###.#..#
... #@..##..#
.....##Y##..##
#....So..##
....#.#.#.##
.. .......#
.......###
.......##
#...##. #...
#.


You could see a yak, an orc and a ball python.

Vanquished Creatures
  A hound (D:4)
  Crazy Yiuf (D:2)
  Terence (D:2)
  4 gnolls
  An adder (D:2)
  A dart slug (D:2)
  4 orcs (D:3)
  6 bats
  2 endoplasms
  2 giant cockroaches (D:1)
  4 goblins
  3 hobgoblins
  4 jackals (D:2)
  9 kobolds
  3 quokkas
  A ball python (D:2)
  A frilled lizard (D:1)
  5 rats
53 creatures vanquished.

Notes
Turn   | Place    | Note
-------+----------+-------------------------------------------
     0 | D:1      | P0NYSLAYSTATION the Demonspawn Fighter began the quest for
                  | the Orb.
     0 | D:1      | Reached XP level 1. HP: 18/18 MP: 1/1
    82 | D:2      | Found a runed translucent door.
    83 | D:2      | Noticed Crazy Yiuf
   447 | D:1      | Gained mutation: You may rarely emit foul miasma when
                  | damaged in melee. [demonic ancestry]
   447 | D:1      | Reached XP level 2. HP: 24/24 MP: 2/2
   457 | D:1      | Found Recero's General Store.
  1170 | D:1      | Reached XP level 3. HP: 4/29 MP: 3/3
  1679 | D:2      | Found a stormy altar of Qazlal.
  1803 | D:2      | Reached skill level 1 in Spellcasting
  1803 | D:2      | Reached XP level 4. HP: 29/35 MP: 5/5
  2446 | D:2      | Noticed Terence
  2452 | D:2      | Killed Terence
  2909 | D:2      | Killed Crazy Yiuf
  2910 | D:2      | Gained mutation: You sometimes emit foul miasma when
                  | damaged in melee. [demonic ancestry]
  2910 | D:2      | Reached XP level 5. HP: 30/41 MP: 5/7
  2911 | D:2      | Upgraded the game from 0.27-a0-802-gbe893936b8 to
                  | 0.27-a0-887-gcab673c142
  3295 | D:4      | Noticed a yak
  3337 | D:4      | Slain by a yak

Illustrated notes

Levels and vault maps discovered:
D:1:      dpeg_arrival_lava_temple_mockup, layout_basic, serial_forest,
          infiniplex_forest_lined_4_way, infiniplex_forest_pool,
          infiniplex_forest_clump_medium, infiniplex_forest_end_1,
          infiniplex_forest_lined_2, infiniplex_forest_end_double, serial_shops,
          shop, minmay_tetromino_l2
D:2:      kb_forest_paths, layout_basic, grunt_qazlal_clouds,
          uniq_crazy_yiuf_cottage, uniq_terence
D:3:      layout_basic
D:4:      layout_basic, kennysheep_okawaru_gauntlet,
          minmay_temple_entry_offerings, cheibrodos_sewer_entry_bend,
          minmay_checkerbox

Skill      XL: |  1  2  3  4  5 |
---------------+----------------+-----
Armour         | 3 |  3.6
Shields        | 3 |  3.2
Polearms       | 2 3 |  3.0
Spellcasting   | 1 |  1.6
Fighting       | |  3.4
Dodging        | |  0.7
Stealth        | |  0.2

Action                   |  1- 3 |  4- 6 || total
-------------------------+-------+-------++-------
Melee: Trident           |    85 |   100 ||   185
  Use: Potion            |       |     1 ||     1
Armor: Scale mail        |     2 |       ||     2
       Ring mail         |    22 |    37 ||    59
Dodge: Dodged            |    20 |    48 ||    68
Block: Kite shield       |    34 |    53 ||    87

Table legend: (Time is in decaauts)
 A = Elapsed time spent in this place.
 B = Non-inter-level travel time spent in this place.
 C = Inter-level travel time spent in this place.
 D = Time resting spent in this place.
 E = Time spent auto-exploring this place.
 F = Levels seen in this place.
 G = Mean time per level.
                   A        B        C        D        E       F      G
               +--------+--------+--------+--------+--------+-----+--------+
         Total |   3417 |   3272 |    145 |    245 |   2444 |   4 |  854.2 |
       Dungeon |   3417 |   3272 |    145 |    245 |   2444 |   4 |  854.2 |
               +--------+--------+--------+--------+--------+-----+--------+

Top non-repeatable levels by time:
     D:2: 1720 daAuts
     D:1: 1407 daAuts
     D:3: 224 daAuts
     D:4: 65 daAuts
